Map: Orbital Shipyard

Players

Grumm

  • Race: Zerg Zerg
  • League: Gold

CRezent - Winner!

  • Race: Zerg Zerg
  • League: Gold

VOD

Have the link to the VOD?

Description

Time

  • Played on: Jan. 29, 2016, 7:51 p.m.
  • Length: 14:17
Show
View Real Time Build Order
Export as new Build Order

Grumm Zerg 

Build Orders: Pool First 

Get SALT Encoding   

  12  0:19  Spawning Pool  
  11  0:22  Drone  
  12  0:31  Overlord  
  12  0:36  Drone  
  13  0:48  Drone  
  14  1:06  Zergling x6  
  17  1:22  Drone  
  17  1:23  Hatchery  
  17  1:32  Queen  
  17  1:38  Extractor  
  18  1:45  Drone x2  
  20  1:51  Overlord  
  19  2:10  Drone  
  18  2:27  Drone x2, Extractor  
  19  2:38  Hatchery  
  19  2:42  Zergling x4  
  20  2:49  Zergling x2  
  20  2:50  Zergling x4  
  23  2:59  Zergling x4  
  25  3:07  Metabolic Boost  
  25  3:11  Zergling x2  
  26  3:31  Drone x5  
  31  3:43  Drone  
  31  3:49  Drone x2  
  30  4:06  Drone  
  30  4:07  Drone x5  
  35  4:14  Queen  
  35  4:21  Spine Crawler  
  35  4:23  Spine Crawler  
  33  4:27  Zergling x2  
  33  4:28  Zergling x4  
  36  4:40  Queen  
  36  4:41  Spine Crawler  
  37  4:46  Drone  
  37  4:47  Drone  
  37  4:48  Zergling x2  
  40  5:02  Zergling x4  
  40  5:03  Overlord x2  
  42  5:19  Lair, Roach Warren  
  41  5:39  Evolution Chamber  
  40  5:42  Evolution Chamber  
  40  5:44  Evolution Chamber  
  40  5:47  Overlord x2  
  40  5:49  Drone x4  
  42  6:01  Overlord  
  42  6:02  Roach  
  42  6:03  Roach  
  46  6:12  Extractor  
  46  6:14  Extractor  
  37  6:23  Roach x3  
  37  6:24  Roach  
  45  6:34  Roach x3  
  45  6:35  Zergling x2  
  52  6:48  Roach x3  
  58  7:01  Zergling x10  
  56  7:07  Zergling x4  
  56  7:20  Zergling x10  
  55  7:33  Drone  
  55  7:34  Drone x4  
  60  7:47  Drone x2  
  60  7:48  Drone  
  63  8:05  Drone  
  63  8:06  Drone x4  
  63  8:10  Spore Crawler  
  67  8:14  Spire  
  67  8:19  Hydralisk Den  
  38  8:45  Spore Crawler  
  38  8:48  Spore Crawler  
  36  8:49  Spore Crawler  
  36  8:53  Spore Crawler  
  36  8:54  Hydralisk  
  36  8:55  Hydralisk x5  
  46  9:03  Queen  
  46  9:08  Hydralisk  
  50  9:25  Hydralisk  
  50  9:26  Hydralisk x3  
  50  9:35  Hydralisk  
  50  9:36  Hydralisk  
  46  9:46  Hydralisk  
  48  10:00  Zerg Missile Weapons Level 1  
  48  10:01  Zerg Ground Armor Level 1  
  48  10:05  Drone x2  
  50  10:16  Drone  
  50  10:17  Drone x3  
  50  10:21  Drone  
  55  10:22  Drone  
  56  10:35  Drone  
  56  10:36  Drone x3  
  60  10:45  Lurker Den  
  60  10:48  Overlord  
  60  10:52  Overlord  
  60  11:06  Corruptor x2  
  60  11:07  Drone  
  60  11:08  Drone x2  
  60  11:09  Drone  
  68  11:22  Hydralisk x3  
  74  11:30  Overlord x2  
  74  11:31  Overlord  
  74  11:42  Overlord x2  
  74  11:52  Glial Reconstitution  
  74  12:05  Extractor  
  74  12:06  Extractor  
  74  12:08  Hydralisk x9  
  90  12:16  Spore Crawler  
  90  12:18  Spore Crawler  
  88  12:43  Overlord x3  
  88  13:02  Roach x7  
  88  13:03  Roach  
  104  13:08  Pneumatized Carapace  
  100  13:44  Zergling x2  
  100  13:45  Zergling x26  
  67  13:56  Roach x4  
Show
View Real Time Build Order
Export as new Build Order

CRezent Zerg - Winner!

Build Orders: Hatch First, Lurkers 

Get SALT Encoding   

  12  0:01  Drone  
  13  0:08  Drone  
  14  0:17  Overlord  
  17  0:35  Drone x3  
  17  0:53  Hatchery  
  16  0:57  Drone  
  16  1:00  Drone  
  18  1:08  Drone  
  19  1:19  Drone  
  19  1:23  Spawning Pool  
  19  1:26  Extractor  
  19  1:32  Overlord  
  18  1:53  Drone x2  
  19  2:10  Zergling x4  
  19  2:22  Zergling x4, Queen  
  21  2:23  Queen  
  21  2:26  Zergling x2  
  26  2:33  Drone  
  27  2:37  Drone  
  27  2:38  Drone  
  29  2:49  Roach Warren  
  29  2:50  Drone  
  29  2:55  Overlord  
  29  3:11  Metabolic Boost  
  29  3:14  Drone x3  
  32  3:23  Drone x3  
  32  3:24  Extractor  
  34  3:34  Lair  
  34  3:37  Drone  
  34  3:40  Drone  
  35  3:52  Zergling x4  
  35  3:53  Zergling x6  
  36  3:59  Roach  
  38  4:06  Zergling x6  
  41  4:16  Roach x2  
  42  4:20  Queen  
  44  4:33  Spire  
  43  4:38  Drone  
  43  4:40  Overlord  
  43  4:43  Overlord  
  44  5:06  Roach x5  
  54  5:08  Drone x2  
  56  5:19  Overlord x2  
  56  5:38  Glial Reconstitution  
  56  5:48  Drone x9, Extractor x2  
  63  5:58  Roach x2  
  65  6:31  Mutalisk  
  67  6:36  Hatchery  
  67  6:37  Overlord x4  
  66  6:47  Overseer  
  66  7:00  Mutalisk x3  
  66  7:02  Drone  
  66  7:03  Drone x5  
  69  7:15  Roach x2  
  57  7:36  Mutalisk x3  
  63  7:46  Mutalisk  
  63  7:48  Zergling x2  
  63  7:49  Zergling x14  
  73  7:53  Drone  
  74  8:07  Zerg Flyer Weapons Level 1  
  74  8:08  Mutalisk  
  73  8:23  Zergling x2  
  73  8:24  Zergling x12  
  75  8:34  Mutalisk  
  75  8:35  Mutalisk x2  
  75  8:38  Drone x5  
  86  8:49  Overseer  
  86  8:50  Drone x2  
  86  8:51  Drone  
  86  8:52  Queen  
  91  9:10  Pneumatized Carapace  
  91  9:12  Drone x7  
  91  9:13  Drone x2  
  91  9:17  Roach, Extractor x2  
  102  9:19  Hatchery  
  78  9:47  Roach  
  78  9:48  Roach x9  
  99  9:52  Drone  
  97  10:03  Roach x2  
  97  10:04  Roach  
  103  10:21  Roach  
  105  10:22  Hydralisk Den, Overlord x3  
  105  10:23  Overlord  
  104  10:44  Mutalisk x2  
  104  10:45  Mutalisk x4  
  104  10:49  Roach x5  
  128  10:50  Roach x2  
  128  10:54  Drone  
  131  11:29  Roach x2  
  131  11:30  Roach x4  
  143  11:33  Overlord x7  
  143  11:34  Overlord x3  
  143  11:50  Hydralisk x2  
  143  11:51  Hydralisk x5  
  143  11:52  Hydralisk x5  
  167  11:56  Queen  
  169  12:05  Evolution Chamber  
  169  12:07  Evolution Chamber  
  167  12:11  Lurker Den  
  167  12:16  Hydralisk  
  167  12:17  Hydralisk x6  
  167  12:19  Overlord  
  183  12:23  Roach x2  
  185  12:38  Roach  
  185  12:39  Roach x6  
  199  13:22  Infestation Pit  
  174  13:50  Roach x8  
  174  13:51  Roach x7  
  180  14:12  Lurker  
  180  14:13  Lurker x4  
Tags
 
Add a new tag
Caveats
  • Supply blocks, unpowered buildings, or Contaminate may cause inaccurate times.
  • Supply counts are checked every 10 seconds.